 Dungeon Sprint DCSS version 0.19.4 (webtiles) character file.

1268 Groucho the Imperceptible (level 8, -11/94 HPs)
             Began as a Vampire Berserker on Feb 3, 2017.
             Was an Elder of Trog.
             Mangled by a demonic crawler (12 damage)
             ... in the Dungeon (Sprint I: "Red Sonja").
             The game lasted 00:03:25 (1022 turns).

Groucho the Imperceptible (Vampire Berserker)       Turns: 1022, Time: 00:03:26

Health: -11/94     AC:  3    Str: 21    XL:     8   Next: 28%
Magic:  8/8        EV: 16    Int: 10    God:    Trog [****..]
Gold:   413        SH:  0    Dex: 15    Spells: 0 memorised, 7 levels left

rFire  . . .     SeeInvis +     a - +0 short sword
rCold  + + .     Gourm    .     k - +1 robe {rC+}
rNeg   + + .     Faith    .     (no shield)
rPois  +         Spirit   .     (no helmet)
rElec  .         Reflect  .     (no cloak)
rCorr  .         Harm     .     (no gloves)
MR     .....     NoTele   +     (no boots)
Stlth  ..........               (no amulet)
                                (no ring)
                                (no ring)

@: berserking, regenerating slowly, very quick
A: fangs 3, see invisible, unbreathing
a: Bat Form, Berserk, Trog's Hand, Brothers in Arms, Burn Spellbooks, Renounce
Religion


You were in the Dungeon.
You worshipped Trog.
Trog was greatly pleased with you.
You were thirsty.

You visited 1 branch You collected 413 gold pieces.

Inventory:

Hand Weapons
 a - a +0 short sword (weapon)
Armour
 k - a +1 robe of cold resistance (worn)
Wands
 j - a wand of paralysis (5/24)
Scrolls
 b - a scroll of fog {unknown}
 i - a scroll of blinking
Potions
 d - a potion of curing
 f - a potion of haste
 g - 2 potions of magic
 h - a potion of berserk rage


   Skills:
 + Level 5.4 Fighting
 + Level 6.4 Short Blades
 + Level 4.4 Armour
 + Level 5.9 Dodging
 + Level 21.0 Stealth


You had 7 spell levels left.
You didn't know any spells.

Dungeon Overview and Level Annotations

Branches:
Dungeon (1/1)

Altars:
Cheibriados
Dithmenos
Elyvilon
Fedhas
Gozag
Hepliaklqana
Kikubaaqudgha
Makhleb
Okawaru
Qazlal
Ru
Sif Muna
Trog
Uskayaw
Vehumet
Xom
Yredelemnul
Zin
The Shining One
Jiyva
Lugonu

Shops:
D (


Innate Abilities, Weirdness & Mutations

You heal slowly.
You have razor-sharp teeth.
You have supernaturally acute eyesight. (SInv)
You can survive without breathing.


Message History

Unknown command.
You puncture the demonic crawler!
The demonic crawler is almost dead.
The demonic crawler hits you!
* * * LOW HITPOINT WARNING * * *
The demonic crawler completely misses you.
The demonic crawler barely misses you.
You barely miss the demonic crawler.
The demonic crawler is almost dead.
The demonic crawler hits you.
* * * LOW HITPOINT WARNING * * *
The demonic crawler misses you. The demonic crawler closely misses you.
Unknown command.
Unknown command.
You barely miss the demonic crawler.
The demonic crawler is almost dead.
The demonic crawler barely misses you. The demonic crawler misses you.
The demonic crawler completely misses you.
The demonic crawler hits you!
You die...

##################
.#..'..#__#..'..)#
)'[.#..'^.'..#..s##+#
'#####'#__####).@ss.#
.#...#.#### #####s.+
##..##.# ## _##'#..+
..'..._# _##_.#'#
##+#.# ###


You could see 4 demonic crawlers.

Vanquished Creatures
  2 kobold demonologists (D)
  A slime creature (D)
  Sigmund (D)
  A yak (D)
  A floating eye (D)
  An ogre (D)
  A jelly (D)
  Ijyb (D)
9 creatures vanquished.

Notes
Turn   | Place    | Note
-------+----------+-------------------------------------------
     0 | D        | Groucho the Vampire Berserker began the quest for the Orb.
     0 | D        | Reached XP level 1. HP: 17/17 MP: 1/1
     2 | D        | Noticed Ijyb
    16 | D        | Killed Ijyb
    16 | D        | Reached skill level 8 in Stealth
    16 | D        | Reached XP level 2. HP: 23/23 MP: 2/2
   102 | D        | Noticed an ogre
   106 | D        | Killed an ogre
   106 | D        | Reached skill level 13 in Stealth
   106 | D        | Reached XP level 3. HP: 28/28 MP: 3/3
   106 | D        | Reached XP level 4. HP: 34/34 MP: 4/4
   161 | D        | Noticed Sigmund
   166 | D        | Killed Sigmund
   166 | D        | Reached ** piety under Trog
   166 | D        | Reached skill level 17 in Stealth
   166 | D        | Reached XP level 5. HP: 39/39 MP: 5/5
   166 | D        | Reached XP level 6. HP: 46/46 MP: 6/6
   234 | D        | Found a deep blue altar of Sif Muna.
   236 | D        | Found a radiant altar of Vehumet.
   240 | D        | Reached skill level 18 in Stealth
   276 | D        | Found Koxtitoc's Weapon Emporium.
   276 | D        | Found an ancient bone altar of Kikubaaqudgha.
   276 | D        | Found a hazy altar of Hepliaklqana.
   276 | D        | Found a stormy altar of Qazlal.
   276 | D        | Found a hide-covered altar of Uskayaw.
   276 | D        | Found a blossoming altar of Fedhas.
   276 | D        | Found a bloodstained altar of Trog.
   276 | D        | Found an iron altar of Okawaru.
   276 | D        | Found a basalt altar of Yredelemnul.
   276 | D        | Found a glowing golden altar of the Shining One.
   276 | D        | Found a snail-covered altar of Cheibriados.
   276 | D        | Found a sacrificial altar of Ru.
   276 | D        | Found a glowing silver altar of Zin.
   276 | D        | Found a shadowy altar of Dithmenos.
   276 | D        | Found a white marble altar of Elyvilon.
   276 | D        | Noticed a yak
   277 | D        | Found an opulent altar of Gozag.
   278 | D        | Killed a yak
   278 | D        | Reached skill level 20 in Stealth
   288 | D        | Found a burning altar of Makhleb.
   288 | D        | Found a viscous altar of Jiyva.
   288 | D        | Found a shimmering altar of Xom.
   288 | D        | Found a corrupted altar of Lugonu.
   288 | D        | Noticed a slime creature
   296 | D        | HP: 2/46 [slime creature (17)]
   305 | D        | Killed a slime creature
   305 | D        | Reached *** piety under Trog
   305 | D        | Reached XP level 7. HP: 10/53 MP: 7/7
   979 | D        | Noticed a kobold demonologist
   980 | D        | Noticed a kobold demonologist
   982 | D        | Reached skill level 5 in Short Blades
   984 | D        | Killed a kobold demonologist
   984 | D        | Reached skill level 5 in Dodging
   984 | D        | Reached XP level 8. HP: 61/61 MP: 8/8
   986 | D        | Killed a kobold demonologist
   986 | D        | Reached **** piety under Trog
   986 | D        | Reached skill level 5 in Fighting
   986 | D        | Reached skill level 21 in Stealth
  1008 | D        | Noticed a demonic crawler
  1008 | D        | Noticed a demonic crawler
  1008 | D        | Noticed a demonic crawler
  1008 | D        | Noticed a demonic crawler
  1021 | D        | HP: 1/94 [demonic crawler (4)]
  1022 | D        | Mangled by a demonic crawler

Skill      XL: |  1  2  3  4  5  6  7  8 |
---------------+-------------------------+-----
Stealth        | 8 13 17 20 21 | 21.0
Fighting       | 3 4 5 |  5.4
Short Blades   | 4 5 6 |  6.4
Armour         | 2 3 4 |  4.4
Dodging        | 3 5 |  5.9

Action                   |  1- 3 |  4- 6 |  7- 9 || total
-------------------------+-------+-------+-------++-------
Melee: Short sword       |    15 |    15 |    16 ||    46
       Bite              |       |     5 |     1 ||     6
Invok: Berserk           |     2 |     2 |     1 ||     5
  Use: Potion            |       |     2 |     2 ||     4
 Stab: Sleeping          |     1 |     2 |     3 ||     6
Armor: Animal skin       |     1 |       |       ||     1
       Robe              |       |       |     2 ||     2
Dodge: Dodged            |     5 |     7 |    23 ||    35
